 Dungeon Crawl Stone Soup version 0.19.1 (webtiles) character file.

10504 empire the Blocker (level 11, -3/95 HPs)
             Began as a Formicid Fighter on Dec 7, 2016.
             Was an Elder of Makhleb.
             Slain by a hill giant
             ... wielding a +0 giant club
              (5 damage)
             ... on level 11 of the Dungeon.
             The game lasted 00:42:18 (12075 turns).

empire the Blocker (Formicid Fighter)              Turns: 12075, Time: 00:42:19

Health: -3/95      AC: 19    Str: 21    XL:     11   Next: 94%
Magic:  16/16      EV: 12    Int:  8    God:    Makhleb [****..]
Gold:   500        SH: 12    Dex: 16    Spells: 0 memorised, 10 levels left

rFire  . . .     SeeInvis +     b - +4 flail (protect)
rCold  . . .     Gourm    .     C - +0 scale mail
rNeg   . . .     Faith    .     c - +0 shield
rPois  .         Spirit   .     (helmet unavailable)
rElec  .         Reflect  .     M - +0 cloak
rCorr  .         Harm     .     I - +0 pair of gloves (curse)
MR     ++...                    j - +1 pair of boots
Stlth  ..........               (no amulet)
                                z - ring of protection from magic
                                o - +3 ring of dexterity

@: protection aura, studying Unarmed Combat
A: permanent stasis, dig shafts and tunnels, four strong arms, antennae 3, thin
metallic scales 1, deformed body, sense surroundings 1, robust 1, evolution 1
a: Dig, Shaft Self, Minor Destruction, Lesser Servant of Makhleb, Major
Destruction, Renounce Religion


You were on level 11 of the Dungeon.
You worshipped Makhleb.
Makhleb was greatly pleased with you.
You were not hungry.

You visited 3 branches of the dungeon, and saw 14 of its levels.

You collected 934 gold pieces.
You spent 434 gold pieces at shops.

Inventory:

Hand Weapons
 a - a +3 blowgun
 b - a +4 flail of protection (weapon)
 i - the +6 mace "Goblinbane" {drain, Int+3}
   (You found it on level 6 of the Dungeon)

   A truly terrible weapon, it drains the life of those it strikes.
   It affects your intelligence (+3).
Missiles
 d - 16 poisoned needles
Armour
 c - a +0 shield (worn)
 j - a +1 pair of boots (worn)
 B - a +0 troll leather armour
 C - a +0 scale mail (worn)
 I - a cursed +0 pair of gloves (worn)
 M - a +0 cloak (worn)
Magical Staves
 e - an uncursed staff of death {unknown}
Jewellery
 o - a +3 ring of dexterity (left hand)
 z - a ring of protection from magic (right hand)
Wands
 v - a wand of lightning (6/15)
 N - a wand of random effects (48/48)
 U - a wand of flame (26/48)
 Y - a wand of slowing (17/48)
Scrolls
 g - 7 scrolls of remove curse
 O - 2 scrolls of recharging
 Q - 3 scrolls of magic mapping
Potions
 l - 3 potions of curing
 t - a potion of agility
 u - a potion of resistance {unknown}
 w - a potion of mutation {unknown}
 F - a potion of flight
 K - a potion of lignification {unknown}
 P - a potion of degeneration {unknown}
Books
 H - a manual of Unarmed Combat
Comestibles
 f - 6 bread rations
 h - 13 chunks of flesh
 n - 2 fruits
 p - 7 meat rations
 x - 3 beef jerkies


   Skills:
 + Level 8.7 Fighting
   Level 3.5(5.9) Axes
 + Level 7.4(7.8) Maces & Flails
 + Level 8.7 Armour
 - Level 4.0 Dodging
 + Level 9.6 Shields
 * Level 5.5 Unarmed Combat
 + Level 6.6 Invocations
 + Level 5.7 Evocations


You had 10 spell levels left.
You didn't know any spells.

Dungeon Overview and Level Annotations

Branches:
Dungeon (11/15)            Temple (1/1) D:5            Lair (0/6) D:11
    Orc (2/2) D:10
    Elf: Orc:2

Altars:
Ashenzari
Cheibriados
Dithmenos
Elyvilon
Fedhas
Gozag
Hepliaklqana
Kikubaaqudgha
Makhleb
Nemelex Xobeh
Okawaru
Qazlal
Ru
Sif Muna
Trog
Uskayaw
Vehumet
Xom
Yredelemnul
Zin
The Shining One

Shops:
D:4 =   D:8 *   Orc:2 =[

Annotations:
D:11 StormySan's ghost, journeyman MiBe


Innate Abilities, Weirdness & Mutations

You are under a permanent stasis effect.
You can dig through walls and to a lower floor.
Your four strong arms can wield two-handed weapons with a shield.
You have a pair of large antennae on your head. (SInv)
You are partially covered in thin metallic scales. (AC +2)
Armour fits poorly on your strangely shaped body.
You passively map a small area around you.
You are robust. (+10% HP)
You evolve.


Message History

Evoke which item? (* to show all) (? for menu, Esc to quit)
Zapping:
v - a wand of lightning (will waste charges)
Press: ? - help, Shift-Dir - straight line, f/p - hill giant
Aim: a hill giant, wielding a giant club (severely wounded, slow)
You hear a mighty clap of thunder!
The bolt of lightning hits the hill giant.
The hill giant is almost dead.
Evoking this partially-identified wand wasted a few charges.
Something shouts, "Scamper home, thou reeling-ripe beef-witted nobody!"
You hear a bellow!
Evoke which item? (* to show all) (? for menu, Esc to quit)
Zapping:
v - a wand of lightning {zapped: 2} (will waste charges)
Press: ? - help, Shift-Dir - straight line, f/p - hill giant
Aim: a hill giant, wielding a giant club (almost dead, slow)
You hear a mighty clap of thunder!
The bolt of lightning hits the hill giant.
The hill giant is almost dead.
Evoking this partially-identified wand wasted a few charges.
The hill giant hits you with a giant club.
You die...

* *, * ### , ##.## * ,
, ###########.#@##** ,
#..))......###C#*
#†#########.#.........
#.# #.####%....* , ,*
#.# ### ...# , #.# ,
,, , .## * #.# * , * *
# , #.#### * * ##oY..#
,, * * ,


You could see a hill giant.

Vanquished Creatures
  Pikel (D:8)
  A hill giant (D:10)
  An orc sorcerer (D:10)
  An ugly thing (D:11)
  An elephant (D:11)
  A merfolk (D:10)
  3 trolls
  2 hornets
  2 two-headed ogres
  4 yaks (D:11)
  4 humans (D:6)
  A hungry ghost (D:7)
  2 water moccasins (D:10)
  A hornet zombie (D:5)
  A sky beast (D:4)
  4 ice beasts
  8 orc warriors
  The ghost of murphy the Chopper, an amateur MiBe of Trog (D:7)
  2 black bears
  4 ogres
  4 centaurs
  A crocodile (D:10)
  A big kobold (D:10)
  4 bullfrogs
  A water moccasin zombie (D:9)
  A scorpion (D:4)
  4 killer bees (D:9)
  5 howler monkeys
  4 crimson imps
  A centaur zombie (D:9)
  A bullfrog zombie (D:5)
  4 hounds
  2 quasits
  4 jellies
  5 bullfrog skeletons
  16 orc priests
  12 orc wizards
  Crazy Yiuf (D:6)
  Ijyb (D:2)
  Terence (D:2)
  5 iguanas
  8 worker ants
  2 hound skeletons
  A worker ant zombie (D:5)
  8 gnolls (D:5)
  8 adders
  2 shadow imps (D:8)
  An ooze (D:2)
  3 adder skeletons
  3 worms
  5 leopard geckos
  84 orcs
  6 giant cockroaches
  12 goblins
  6 hobgoblins
  7 jackals
  12 kobolds
  4 quokkas
  A ball python (D:1)
  2 bats
  6 frilled lizards
  A giant cockroach zombie (D:5)
  A leopard gecko zombie (D:7)
  11 rats
317 creatures vanquished.

Vanquished Creatures (collateral kills)
  A shadow imp (D:8)
1 creature vanquished.

Grand Total: 318 creatures vanquished

Notes
Turn   | Place    | Note
-------+----------+-------------------------------------------
     0 | D:1      | empire the Formicid Fighter began the quest for the Orb.
     0 | D:1      | Reached XP level 1. HP: 18/18 MP: 1/1
   152 | D:1      | Reached XP level 2. HP: 24/24 MP: 2/2
   353 | D:1      | Reached skill level 4 in Shields
   358 | D:1      | Reached XP level 3. HP: 29/29 MP: 3/3
   767 | D:2      | Noticed Ijyb
   781 | D:2      | Killed Ijyb
   781 | D:2      | Reached XP level 4. HP: 29/37 MP: 4/4
  1087 | D:2      | Reached XP level 5. HP: 35/42 MP: 5/5
  1323 | D:2      | Noticed Terence
  1337 | D:2      | Killed Terence
  1337 | D:2      | Reached skill level 1 in Dodging
  2147 | D:3      | Reached XP level 6. HP: 39/48 MP: 6/6
  2704 | D:4      | Reached skill level 1 in Maces & Flails
  2704 | D:4      | Reached skill level 5 in Armour
  2704 | D:4      | Reached skill level 5 in Shields
  2704 | D:4      | Reached XP level 7. HP: 41/55 MP: 7/7
  2715 | D:4      | Found a sacrificial altar of Ru.
  2944 | D:4      | Gained mutation: You are partially covered in thin metallic scales. (AC +2) [mutagenic meat]
  2953 | D:4      | Found Gefaawon's Jewellery Boutique.
  3673 | D:5      | Entered Level 5 of the Dungeon
  3705 | D:5      | Reached skill level 5 in Fighting
  3705 | D:5      | Reached XP level 8. HP: 39/62 MP: 8/8
  3868 | D:5      | Found an iron altar of Okawaru.
  4060 | D:5      | Reached skill level 6 in Shields
  4511 | D:5      | Noticed a moth of wrath
  4513 | D:5      | Found a bloodstained altar of Trog.
  4566 | D:5      | Found a staircase to the Ecumenical Temple.
  4570 | Temple   | Entered the Ecumenical Temple
  4694 | Temple   | Became a worshipper of Makhleb the Destroyer
  5275 | D:6      | Got a polished mace
  5285 | D:6      | Found a runed door.
  5289 | D:6      | Noticed Crazy Yiuf
  5295 | D:6      | Killed Crazy Yiuf
  5295 | D:6      | Reached XP level 9. HP: 69/69 MP: 9/9
  5401 | D:6      | Reached skill level 7 in Shields
  5587 | D:6      | Reached skill level 5 in Maces & Flails
  5717 | D:6      | Found a white marble altar of Elyvilon.
  5837 | D:7      | Noticed murphy's ghost (amateur MiBe)
  5860 | D:7      | Killed murphy's ghost
  5860 | D:7      | Reached skill level 1 in Invocations
  5924 | D:7      | Reached skill level 1 in Evocations
  6055 | D:7      | Reached * piety under Makhleb
  6290 | D:7      | Found a hide-covered altar of Uskayaw.
  6290 | D:7      | Noticed a dagger
  6290 | D:7      | Noticed a hand axe
  6660 | D:8      | Reached XP level 10. HP: 79/79 MP: 11/11
  6817 | D:8      | Reached skill level 8 in Shields
  6827 | D:8      | Found an opulent altar of Gozag.
  6862 | D:8      | Found Runoox's General Store.
  6904 | D:8      | Bought 2 potions of heal wounds for 130 gold pieces
  6904 | D:8      | Bought a potion of might for 52 gold pieces
  6904 | D:8      | Bought a potion of might for 52 gold pieces
  6904 | D:8      | Bought a beef jerky for 19 gold pieces
  6904 | D:8      | Bought a scroll of enchant weapon for 97 gold pieces
  6904 | D:8      | Bought a scroll of remove curse for 39 gold pieces
  6904 | D:8      | Bought a scroll of fear for 45 gold pieces
  6905 | D:8      | Identified the +6 mace "Goblinbane" {drain, Int+3} (You found it on level 6 of the Dungeon)
  7186 | D:8      | Noticed Pikel
  7203 | D:8      | Killed Pikel
  7669 | D:9      | Reached ** piety under Makhleb
  8548 | D:10     | Entered Level 10 of the Dungeon
  8979 | D:10     | Reached XP level 11. HP: 86/86 MP: 14/14
  9040 | D:10     | Reached skill level 5 in Invocations
  9079 | D:10     | Found a staircase to the Orcish Mines.
  9101 | Orc:1    | Entered Level 1 of the Orcish Mines
  9122 | Orc:1    | Reached *** piety under Makhleb
  9312 | D:10     | Reached skill level 9 in Shields
  9326 | D:10     | Reached skill level 5 in Evocations
  9899 | D:10     | Noticed an orc sorcerer
  9905 | D:10     | Killed an orc sorcerer
  9905 | D:10     | Reached skill level 1 in Unarmed Combat
 10974 | Orc:2    | Entered Level 2 of the Orcish Mines
 10974 | Orc:2    | Found Reemuq's Antique Armour Emporium.
 10974 | Orc:2    | Noticed an orc knight
 10974 | Orc:2    | Noticed an orc knight
 10975 | Orc:2    | Found Coti's Jewellery Shop.
 10975 | Orc:2    | Noticed an orc sorcerer
 10975 | Orc:2    | Noticed an orc high priest
 10976 | Orc:2    | Noticed an orc warlord
 10978 | Orc:2    | Noticed an orc knight
 11386 | D:10     | Gained mutation: You evolve. [potion of beneficial mutation]
 11552 | D:10     | Reached **** piety under Makhleb
 11750 | D:10     | Gained mutation: You passively map a small area around you. [evolution]
 11770 | D:11     | Noticed a hill giant
 11785 | D:10     | Killed a hill giant
 11937 | D:11     | Noticed a white ugly thing
 11949 | D:11     | Killed a white ugly thing
 11955 | D:11     | Noticed StormySan's ghost (journeyman MiBe)
 11965 | D:10     | Gained mutation: You are robust. (+10% HP) [mutagenic meat]
 11966 | D:10     | Gained mutation: Armour fits poorly on your strangely shaped body. [mutagenic meat]
 11972 | D:11     | Noticed an elephant
 11973 | D:11     | Found a staircase to the Lair.
 11990 | D:11     | Killed an elephant
 11990 | D:11     | Reached skill level 5 in Unarmed Combat
 12062 | D:11     | Noticed a hill giant
 12073 | D:11     | HP: 1/95 [hill giant/giant club (28)]
 12075 | D:11     | Slain by a hill giant

Skill      XL: |  1  2  3  4  5  6  7  8  9 10 11 |
---------------+----------------------------------+-----
Shields        | 4 5 6 7 8 9 |  9.6
Fighting       | 4 5 6 7 8 |  8.7
Armour         | 4 5 6 7 8 |  8.7
Axes           | 3 |  3.5
Dodging        | 1 2 3 4 |  4.0
Maces & Flails | 1 2 4 5 6 7 |  7.4
Invocations    | 2 4 6 |  6.6
Evocations     | 2 4 5 |  5.7
Unarmed Combat | 5 |  5.5

Action                   |  1- 3 |  4- 6 |  7- 9 | 10-12 || total
-------------------------+-------+-------+-------+-------++-------
Melee: War axe           |    82 |   150 |       |       ||   232
       Flail             |       |    29 |   465 |   652 ||  1146
Invok: Minor Destruction |       |       |       |     4 ||     4
       Major Destruction |       |       |       |     1 ||     1
Evoke: Wand              |       |       |       |     3 ||     3
  Use: Scroll            |     2 |     2 |    12 |    12 ||    28
       Potion            |       |     1 |     3 |     8 ||    12
 Stab: Invisible         |       |       |       |     4 ||     4
       Distracted        |       |       |       |     1 ||     1
       Fleeing           |       |       |       |     1 ||     1
  Eat: Chunk             |       |     6 |    16 |    21 ||    43
Armor: Scale mail        |    28 |    63 |   248 |   259 ||   598
Dodge: Dodged            |    23 |    49 |   228 |   315 ||   615
Block: Shield            |    50 |    98 |   306 |   453 ||   907
